 Dungeon Crawl Stone Soup version 0.29.1-13-g9f3cf754e1 (webtiles) character file.

Game seed: 13341636214434538823

188 FaviusArthum the Conjurer (level 5, -1/28 HPs)
             Began as a Deep Elf Conjurer on Jan 19, 2023.
             Slain by Prince Ribbit (14 damage)
             ... on level 5 of the Dungeon on Jan 20, 2023.
             The game lasted 00:13:41 (3478 turns).

FaviusArthum the Conjurer (Deep Elf Conjurer)       Turns: 3478, Time: 00:13:42

Health: -1/28      AC:  3    Str:  4    XL:     5   Next: 39%
Magic:  11/13      EV: 16    Int: 25    God:
Gold:   302        SH:  0    Dex: 13    Spells: 2/12 levels left

rFire   . . .      SeeInvis .   c - +0 quarterstaff
rCold   . . .      Faith    .   (shield currently unavailable)
rNeg    . . .      Spirit   .   a - +0 robe
rPois   .          Reflect  .   n - +0 helmet
rElec   .          Harm     .   (no cloak)
rCorr   .          Rampage  .   (no gloves)
Will    .....                   (no boots)
Stlth   ++........              p - amulet of magic regeneration
HPRegen 0.09/turn               B - +4 ring of evasion
MPRegen 0.53/turn               (no ring)

@: no status effects
A: no striking features
a: no special abilities


You were on level 5 of the Dungeon.
You visited 1 branch of the dungeon, and saw 5 of its levels.

You collected 302 gold pieces.

Inventory:

Hand Weapons
 c - a +0 quarterstaff (weapon)
 f - a +0 trident
 i - a +0 glaive
 v - a +0 vorpal hand axe
Armour
 a - a +0 robe (worn)
 n - a +0 helmet (worn)
 s - a +0 buckler
Jewellery
 g - an amulet of magic regeneration
 k - an amulet of guardian spirit
 p - an amulet of magic regeneration (around neck)
 B - a +4 ring of evasion (left hand)
Wands
 l - a wand of roots (10)
 y - a wand of flame (16)
Scrolls
 d - 2 scrolls of immolation {unknown}
 h - 3 scrolls of amnesia {unknown}
 j - a scroll of fog {unknown}
 o - 3 scrolls of identify
 q - a scroll of brand weapon {unknown}
 t - 2 scrolls of vulnerability
 u - a scroll of noise {unknown}
 x - a scroll of silence {unknown}
Potions
 b - a potion of magic
 e - a potion of flight {unknown}
 m - 2 potions of attraction {unknown}
 r - 2 potions of degeneration {unknown}
 w - 2 potions of haste {unknown}
 z - a potion of lignification {unknown}
 A - a potion of curing {unknown}


   Skills:
 + Level 2.6 Dodging
 + Level 3.0 Stealth
 + Level 4.0 Spellcasting
 + Level 6.0 Conjurations
 * Level 3.3 Hexes


You had 2 spell levels left.
You knew the following spells:

 Your Spells              Type           Power      Damage    Failure   Level
a - Magic Dart            Conj           100%       1d8       1%          1
b - Searing Ray           Conj           70%        2d7       1%          2
c - Summon Guardian Gole  Hex/Summ       13%        N/A       14%         3
d - Fulminant Prism       Conj/Hex       14%        3d9       13%         4

Your spell library contained the following spells:

 Spells                   Type           Power      Damage    Failure   Level
 Dazzling Flash           Conj/Hex       56%        N/A       4%          3
 Iskenderun's Mystic Bla  Conj/Tloc      20%        2d6       26%         4
 Summon Ice Beast         Ice/Summ       5%         N/A       65%         4
 Summon Mana Viper        Hex/Summ       13%        N/A       78%         5
 Orb of Destruction       Conj           17%        9d7       99%         7
 Monstrous Menagerie      Summ           2%         N/A       100%        7
 Spellforged Servitor     Conj/Summ      10%        N/A       100%        7


Dungeon Overview and Level Annotations

Branches:
Dungeon (5/15)
 Temple: D:4-7

Altars:
Ashenzari
Kikubaaqudgha
Uskayaw
Xom
Zin

Annotations:
D:4 1 runed translucent door, ymhsbmbesitwf's ghost, amateur FoFi
D:5 Prince Ribbit


Message History

The magic dart hits Prince Ribbit!
Prince Ribbit is lightly wounded.
Prince Ribbit croaks.
Casting: Magic Dart (safe; 1% risk of failure)
Confirm with . or Enter, or press ? or * to list all spells.
Aiming: Magic Dart (safe; 1% risk of failure)
Press: ? - help, Shift-Dir - straight line, f/p - Prince Ribbit
Aim: Prince Ribbit (lightly wounded, 100% to hit)
The magic dart hits Prince Ribbit.
Prince Ribbit is lightly wounded.
Casting: Magic Dart (safe; 1% risk of failure)
Confirm with . or Enter, or press ? or * to list all spells.
Aiming: Searing Ray (safe; 1% risk of failure)
Press: ? - help, Shift-Dir - straight line, f/p - Prince Ribbit
Aim: Prince Ribbit (lightly wounded, 66% to hit)
The searing ray misses Prince Ribbit. (Press . to maintain the ray.) Prince Ribbit attacks as you move away!
Prince Ribbit hits you. Prince Ribbit completely misses you.
Prince Ribbit attacks as you move away! Prince Ribbit hits you!
Prince Ribbit attacks as you move away! Prince Ribbit misses you.
Casting: Searing Ray (safe; 1% risk of failure)
Confirm with . or Enter, or press ? or * to list all spells.
Aiming: Searing Ray (safe; 1% risk of failure)
Press: ? - help, Shift-Dir - straight line, f/p - Prince Ribbit
Aim: Prince Ribbit (lightly wounded, 66% to hit)
The searing ray hits Prince Ribbit!
Prince Ribbit is moderately wounded. (Press . to maintain the ray.) Prince Ribbit hits you.
Prince Ribbit barely misses you.
Casting: Searing Ray (safe; 1% risk of failure)
Confirm with . or Enter, or press ? or * to list all spells.
Aiming: Magic Dart (safe; 1% risk of failure)
Press: ? - help, Shift-Dir - straight line, f/p - Prince Ribbit
Aim: Prince Ribbit (moderately wounded, 100% to hit)
The magic dart hits Prince Ribbit!
Prince Ribbit is heavily wounded.
Prince Ribbit hits you!
Ouch! That really hurt!
You die...

###.#...#...#
#.#.....#.#
#....## #.#
##.#..#.#.#
####.#....#.#
#.......###.####
#.###..## #....#
#...#..#######.#
###.#......@F..#
#.#.....######
#.#..##.#
#.#...#.#
#.....#.#
#####.#.# #...#
#####


You could see Prince Ribbit.

Vanquished Creatures
  A jelly (D:4)
  A hound (D:4)
  3 adders
  An ufetubus (D:5)
  A worm (D:2)
  2 dart slugs (D:2)
  An orc (D:5)
  5 ball pythons
  11 bats
  9 endoplasms
  7 giant cockroaches
  11 goblins
  5 hobgoblins
  2 jackals (D:2)
  5 kobolds
  3 quokkas
  4 frilled lizards
  4 rats
76 creatures vanquished.

Notes
Turn   | Place    | Note
-------+----------+-------------------------------------------
     0 | D:1      | FaviusArthum the Deep Elf Conjurer began the quest for the
                  | Orb.
     0 | D:1      | Reached XP level 1. HP: 10/10 MP: 6/6
   329 | D:1      | Reached XP level 2. HP: 15/15 MP: 6/8
   401 | D:1      | Learned a level 2 spell: Searing Ray
   471 | D:1      | Reached skill level 5 in Conjurations
   658 | D:1      | Found a faded altar of an unknown god.
   926 | D:2      | Reached XP level 3. HP: 19/19 MP: 5/9
  1263 | D:2      | Learned a level 3 spell: Summon Guardian Golem
  1515 | D:2      | Found a shimmering altar of Xom.
  1745 | D:2      | Reached skill level 1 in Hexes
  1745 | D:2      | Reached XP level 4. HP: 24/24 MP: 8/11
  1779 | D:2      | Learned a level 4 spell: Fulminant Prism
  2369 | D:3      | Found an ancient bone altar of Kikubaaqudgha.
  2391 | D:3      | Noticed a +0 dagger
  2392 | D:3      | Noticed a +0 dagger
  2394 | D:3      | Found a hide-covered altar of Uskayaw.
  2737 | D:4      | Found a broken altar of Ashenzari.
  2745 | D:4      | Found a glowing silver altar of Zin.
  2850 | D:4      | Found a runed translucent door.
  2875 | D:4      | Reached skill level 6 in Conjurations
  2875 | D:4      | Reached XP level 5. HP: 28/28 MP: 8/12
  2889 | D:4      | Noticed ymhsbmbesitwf's ghost (amateur FoFi)
  2970 | D:5      | Entered Level 5 of the Dungeon
  2972 | D:5      | HP: 1/28 [ufetubus (1)]
  3379 | D:5      | Noticed a centaur
  3465 | D:5      | Noticed Prince Ribbit
  3478 | D:5      | Slain by Prince Ribbit

Illustrated notes

Levels and vault maps discovered:
D:1:      dpeg_arrival_boxes_within_box, layout_rooms,
          shapermc_ecumenical_altar_mp_vishouse
D:2:      layout_rooms, basic_altar, kennysheep_decorative_pillar, minmay_cupped
D:3:      minmay_door_path, layout_rooms, dancing_weapons_uskayaw,
          mainiacjoe_overflow_brackets
D:4:      layout_rooms, amethyst_overflow_temple_binary, gammafunk_ghost_grave,
          sigmund_army, uniq_natasha
D:5:      layout_basic, nicolae_overflow_hidden_temple,
          minmay_temple_entry_butterflies, minmay_misc_feat_ornament,
          grunt_ministairs_4, uniq_prince_ribbit1

Skill      XL: |  1  2  3  4  5 |
---------------+----------------+-----
Conjurations   | 5 6 |  6.0
Hexes          | 1 2 3 |  3.3
Stealth        | 3 |  3.0
Spellcasting   | 4 |  4.0
Dodging        | |  2.6

Action                   |  1- 3 |  4- 6 || total
-------------------------+-------+-------++-------
 Cast: Magic Dart        |    66 |    41 ||   107
       Searing Ray       |     8 |    24 ||    32
Evoke: Wand              |       |     2 ||     2
  Use: Scroll            |       |     1 ||     1
Armor: Robe              |       |     3 ||     3
Dodge: Dodged            |     5 |    16 ||    21
